 Dungeon Crawl Stone Soup version 0.31-a0-865-g3d5d91748a (webtiles) character file.

Game seed: 10529453424129817646

194353 pokeman the Sorcerer (level 17, -1/93 HPs)
             Began as a Deep Elf Hedge Wizard on Oct 10, 2023.
             Was the Champion of Vehumet.
             Killed from afar by a nagaraja (21 damage)
             ... with a poison arrow
             ... on level 2 of the Snake Pit.
             The game lasted 01:59:04 (37816 turns).

pokeman the Sorcerer (Deep Elf Hedge Wizard)       Turns: 37816, Time: 01:59:04

Health: -1/93      AC: 25    Str:  7    XL:     17   Next: 67%
Magic:  61/66      EV: 10    Int: 33    God:    Vehumet [******]
Gold:   934        SH:  8    Dex: 11    Spells: 19/66 levels left

rFire   + . .        M - +3 Elemental Staff {ele, rElec rF+ rC+ AC+3}
rCold   + + +        h - +2 buckler of Ziez {rN+}
rNeg    + + .        F - +7 ring mail of the Hunter {MP+9 Slay+3}
rPois   +            N - +1 helmet {SInv}
rElec   +            k - scarf {repulsion}
rCorr   .            m - +2 pair of gloves {hurl}
SInv    +            e - +1 pair of boots
Will    +....        v - amulet "Toiny" {RegenMP rPois rC++ rN+ Int-2}
Stlth   +            w - ring "Lorunn" {*Slow rElec rPois Int+7 Dex-3}
HPRegen 0.35/turn    o - ring of magical power
MPRegen 0.80/turn

%: slow self (1%), repel missiles
@: lethally poisoned (-1 -> -8), studying 2 skills
A: no striking features
}: 1/15 runes: barnacled
a: Renounce Religion


You were on level 2 of the Snake Pit.
You worshipped Vehumet.
Vehumet was exalted by your worship.
You visited 6 branches of the dungeon, and saw 29 of its levels.
You also visited: Trove, Sewer, Bailey and Gauntlet.

You collected 3328 gold pieces.
You spent 2394 gold pieces at shops.

Inventory:

Hand Weapons
 M - the +3 Elemental Staff (weapon) {ele, rElec rF+ rC+ AC+3}
   (You acquired it on level 13 of the Dungeon)

   AC+3:      It affects your AC (+3).
   rF+:       It protects you from fire.
   rC+:       It protects you from cold.
   rElec:     It insulates you from electricity.
Missiles
 G - 3 throwing nets
 R - a curare-tipped dart
Armour
 e - a +1 pair of boots (worn)
 h - the +2 buckler of Ziez (worn) {rN+}
   (You found it in a treasure trove)

   rN+:       It protects you from negative energy.
 j - the +0 pair of boots of Jah Amam {rPois rCorr Slay-4}
   (You found it on level 4 of the Shoals)

   Slay-4:    It affects your accuracy & damage with ranged weapons and melee
   (-4).
   rPois:     It protects you from poison rCorr: It protects you from acid and
   corrosion.
 k - a scarf of repulsion (worn)
 m - a +2 pair of gloves of hurling (worn)
 y - the +2 pair of boots "Vufiemm" {rElec rF+}
   (You found it on level 1 of the Snake Pit)

   rF+:       It protects you from fire.
   rElec:     It insulates you from electricity.
 F - the +7 ring mail of the Hunter (worn) {MP+9 Slay+3}
   (You found it on level 7 of the Dungeon)

   Slay+3:    It affects your accuracy & damage with ranged weapons and melee
   (+3).
   MP+9:      It affects your magic capacity (+9).
 J - a +0 robe of fire resistance
 N - a +1 helmet of see invisible (worn)
 S - a +2 scale mail of cold resistance
Magical Staves
 D - a staff of air
 L - a staff of poison
Jewellery
 a - a ring of fire
 l - the amulet "Ogoxeoda" {Spirit rC+++ Dex+2 Slay-5 Stlth+}
   (You took it off a merfolk on level 4 of the Shoals)

   [amulet of guardian spirit]

   Spirit:    It causes incoming damage to be divided between your reserves of
   health and magic.
   Dex+2:     It affects your dexterity (+2).
   Slay-5:    It affects your accuracy & damage with ranged weapons and melee
   (-5).
   rC+++:     It renders you almost immune to cold.
   Stlth+:    It makes you more stealthy.
 o - a ring of magical power (right hand)
 q - an amulet of reflection
 r - an amulet of regeneration
 t - a ring of resist corrosion
 v - the amulet "Toiny" (around neck) {RegenMP rPois rC++ rN+ Int-2}
   (You found it in a treasure trove)

   [amulet of magic regeneration]

   RegenMP:   It increases your rate of magic regeneration.
   Int-2:     It affects your intelligence (-2).
   rC++:      It greatly protects you from cold.
   rPois:     It protects you from poison rN+: It protects you from negative
   energy.
 w - the ring "Lorunn" (left hand) {*Slow rElec rPois Int+7 Dex-3}
   (You found it in a Gauntlet)

   [ring of poison resistance]

   Int+7:     It affects your intelligence (+7).
   Dex-3:     It affects your dexterity (-3).
   rElec:     It insulates you from electricity.
   rPois:     It protects you from poison *Slow: It may slow you when you take
   damage.
Wands
 u - a wand of light (21)
 I - a wand of digging (10)
Scrolls
 f - 12 scrolls of teleportation
 i - 6 scrolls of blinking
 s - a scroll of fear
 z - a scroll of enchant armour
 B - 5 scrolls of revelation
Potions
 c - 22 potions of curing
 d - 4 potions of magic
 g - 3 potions of brilliance
 n - 10 potions of heal wounds
 A - 7 potions of haste
 V - a potion of cancellation
Miscellaneous
 b - a box of beasts
 p - a phantom mirror
 x - a phial of floods


   Skills:
 - Level 6.0 Fighting
 + Level 10.8 Armour
 - Level 3.0 Dodging
 - Level 3.1 Stealth
 + Level 9.7 Shields
 * Level 25.1 Spellcasting
 + Level 15.6 Conjurations
 - Level 1.1 Summonings
 - Level 1.1 Translocations
 + Level 13.9 Fire Magic
 - Level 2.0 Ice Magic
 - Level 6.0 Air Magic
 - Level 6.0 Earth Magic
 - Level 1.1 Poison Magic
 - Level 1.2 Evocations


You had 19 spell levels left.
You knew the following spells:

 Your Spells              Type           Power      Damage    Failure   Level
a - Magic Dart            Conj           100%       1d8       0%          1
b - Mephitic Cloud        Conj/Pois/Air  95%        N/A       1%          3
c - Call Imp              Summ           96%        N/A       2%          2
d - Blink                 Tloc           96%        N/A       2%          2
e - Foxfire               Conj/Fire      100%       2x1d9     0%          1
f - Stone Arrow           Conj/Erth      100%       3d13      1%          3
g - Starburst             Conj/Fire      59%        6d16      1%          6
h - Airstrike             Air            44%        2d(7-23)  1%          4
i - Lee's Rapid Deconstr  Erth           44%        3d21*     1%          5
j - Freezing Cloud        Conj/Ice/Air   59%        6-21      1%          5
k - Plasma Beam           Fire/Air       63%        2x1d79    1%          6
l - Shock                 Conj/Air       100%       1d9       1%          1
m - Ignition              Fire           58%        3d16      13%         8

Your spell library contained the following spells:

 Spells                   Type           Power      Damage    Failure   Level
 Kiss of Death            Conj/Necr      100%       2d13      1%          1
 Summon Small Mammal      Summ           100%       N/A       1%          1
 Cigotuvi's Dreadful Rot  Necr/Pois/Air  100%       N/A       1%          2
 Passwall                 Tmut/Erth      62%        N/A       1%          2
 Poisonous Vapours        Pois/Air       100%       N/A       1%          2
 Hailstorm                Conj/Ice       99%        3d19      1%          3
 Swiftness                Air            89%        N/A       1%          3
 Arcjolt                  Conj/Air       53%        1d63      1%          5
 Slow                     Hex            100%       N/A       2%          1
 Ensorcelled Hibernation  Hex/Ice        100%       N/A       2%          2
 Sublimation of Blood     Necr           41%        N/A       3%          2
 Wereblood                Tmut           41%        N/A       3%          2
 Ozocubu's Armour         Ice            70%        N/A       3%          3
 Call Canine Familiar     Summ           48%        N/A       4%          3
 Animate Armour           Summ/Erth      100%       N/A       4%          4
 Summon Lightning Spire   Summ/Air       78%        N/A       4%          4
 Vhi's Electric Charge    Tloc/Air       100%       N/A       4%          4
 Summon Guardian Golem    Hex/Summ       45%        N/A       5%          3
 Confusing Touch          Hex            41%        N/A       7%          3
 Silence                  Hex/Air        37%        N/A       19%         5
 Dispel Undead            Necr           41%        3d16      22%         4
 Lehudib's Crystal Spear  Conj/Erth      53%        10d12     38%         8
 Ozocubu's Refrigeration  Ice            35%        4d15      87%         7
 Maxwell's Capacitive Co  Air            44%        ∞         95%         8
 Chain Lightning          Conj/Air       53%        3d70      99%         9
 Summon Hydra             Summ           24%        N/A       100%        7
 Death's Door             Necr           20%        N/A       100%        9


Dungeon Overview and Level Annotations

Branches:
Dungeon (15/15)            Temple (1/1) D:7            Lair (5/5) D:11
 Shoals (4/4) Lair:2        Snake (1/4) Lair:2        Slime (0/5) Lair:4
    Orc (2/2) D:9             Elf (0/3) Orc:2        Vaults (0/5) D:14
 Depths (0/4) D:15          Sewer (visited)          Bailey (visited)
Gauntlet (visited)

Altars:
Ashenzari
Cheibriados
Dithmenos
Elyvilon
Fedhas
Gozag
Hepliaklqana
Kikubaaqudgha
Makhleb
Nemelex Xobeh
Okawaru
Qazlal
Ru
Sif Muna
Trog
Uskayaw
Vehumet
Wu Jian
Xom
Yredelemnul
Zin
The Shining One
Jiyva

Shops:
D:9 !   Orc:1 :   Orc:2 (=(?:   Shoals:1 (

Annotations:
Snake:2 1 transporter, Azrael, Vashnia


Message History

Aim: a naga ritualist, wielding a +0 trident and wearing a +0 robe (freezing vapour, severely wounded, radiating toxic energy, 78% to hit)
You feel a surge of power!
The stone arrow hits the naga ritualist!!
You kill the naga ritualist!
Vehumet accepts your kill.
You feel your power returning.
* * * LOW HITPOINT WARNING * * *
You feel sick.
You hear an angry hiss. x3
Unknown command.
You feel better.
Unknown command.
Unknown command.
Okay, then.
Unknown command.
Unknown command.
You start resting.
A nagaraja is nearby!
Unknown command.
Press: ? - help, v - describe, . - travel, g - get item
Here: a nagaraja, wielding a +0 flail and wearing a +0 robe (freezing vapour, lightly wounded)
Items here: a +0 trident; a +0 robe; a naga corpse.
The floor.
Unknown command.
Casting: Stone Arrow (safe; 1% risk of failure)
Confirm with . or Enter, or press ? or * to list all spells.
Casting: Plasma Beam (dangerous; 1% risk of failure)
Press: ? - help, Dir - look around, f - activate You feel a strong surge of power!
The bolt of lightning hits the nagaraja!!
The nagaraja is moderately wounded.
The fiery plasma hits the nagaraja!!!
The nagaraja is almost dead.
You hear a sizzling sound!
You hear a shout!
You hear an angry hiss.
You hear a shout! x2; You hear an angry hiss. x6
The nagaraja casts a spell at you. The poison arrow hits you!!
You are poisoned.
You partially resist.
You die...

§.§ .. #§#
).# §. ##
#.## ###..
#..# .....#
#@##
.....?###N#
.......#.##
#S...N##
#..S..#
##..N##
#... #..#
#..


You could see a nagaraja.

Vanquished Creatures
  Rupert (D:12)
  Jorgrun (D:13)
  Polyphemus (Shoals:4)
  A kraken (Shoals:4)
  Ilsuiw (Shoals:2)
  2 orc warlords
  A very ugly thing (D:15)
  The ghost of Fytzit the Eclecticist, a journeyman DECj of Sif Muna (Lair:5)
  Nessos (Lair:5)
  2 minotaurs
  The ghost of yetimobile the Fighter, a journeyman HORe of Jiyva (Lair:3)
  Josephine (Lair:5)
  5 merfolk javelineers
  9 merfolk impalers
  Fannar (Orc:1)
  A fire dragon (Lair:5)
  A great orb of eyes (D:15)
  7 hydras
  8 merfolk aquamancers
  A rakshasa (D:15)
  The ghost of croobank the Martial Artist, a journeyman DsIE of Ashenzari (Lair:1)
  4 catoblepae
  2 boulder beetles
  Erica (D:8)
  6 two-headed ogres
  5 anacondas
  5 centaur warriors
  2 alligator snapping turtles (Shoals:4)
  A death knight (D:15)
  2 merfolk avatars
  2 satyrs
  A tengu warrior (Gauntlet)
  Urug (D:11)
  2 naga warriors (Snake:2)
  8 death yaks
  2 shock serpents
  2 naga sharpshooters
  3 skysharks
  4 skeletal warriors
  8 sea snakes
  3 naga ritualists
  2 lindwurms
  8 harpies
  9 orc knights
  A deep elf pyromancer (D:12)
  3 mana vipers
  9 ugly things
  3 orc sorcerers (Orc:1)
  4 cyclopes
  21 manticores
  A salamander (Snake:2)
  11 fauns
  5 water nymphs
  10 merfolk sirens
  19 elephants
  16 black mambas
  Joseph (D:7)
  5 torpor snails
  4 naga magi
  Maggie (Lair:2)
  14 cane toads
  2 gargoyles
  2 rime drakes
  2 kobold demonologists (Bailey)
  An unseen horror (D:11)
  2 minotaur zombies (Gauntlet)
  A komodo dragon (shapeshifter) (D:13)
  7 komodo dragons
  A tengu conjurer (Gauntlet)
  4 trolls
  38 merfolk
  5 hornets
  12 polar bears
  6 wind drakes
  3 tyrant leeches (Lair:5)
  2 raiju (Lair:5)
  15 blink frogs
  12 dream sheep
  A culicivora (shapeshifter) (D:15)
  A jumping spider (Lair:1)
  9 snapping turtles
  20 slime creatures
  5 shadows
  10 flying skulls (Gauntlet)
  3 wyverns
  A vampire (D:14)
  19 water elementals
  9 wraiths
  7 basilisks
  35 yaks
  Grum (D:8)
  5 fire elementals (Snake:2)
  3 steam dragons
  A redback (Lair:1)
  15 wargs
  4 acid dragons
  8 nagas
  18 water moccasins
  13 hell hounds (Lair:5)
  2 ice beasts
  4 sky beasts
  Pargi (Sewer)
  13 black bears
  57 orc warriors
  8 ogres
  38 wolves
  5 centaurs
  A phantom (D:5)
  2 kobold brigands
  A wyvern zombie (D:7)
  10 bullfrogs
  2 scorpions
  10 wights
  3 killer bees
  5 howler monkeys
  5 electric eels
  3 lava snakes (Lair:1)
  5 hounds
  17 orc priests
  A gnoll bouda (D:6)
  Terence (D:2)
  2 iguanas (D:7)
  A hell rat (Lair:3)
  Ijyb (D:4)
  19 orc wizards
  A killer bee zombie (D:7)
  11 gnolls
  9 adders
  A river rat (D:5)
  2 shadow imps (D:6)
  A white imp (D:7)
  2 ufetubi
  3 worms
  2 dart slugs
  72 orcs
  7 bats
  5 endoplasms
  6 giant cockroaches
  16 goblins
  12 hobgoblins
  6 jackals
  18 kobolds
  7 quokkas
  11 ball pythons
  5 frilled lizards
  13 rats
  A tentacle (Shoals:4)
990 creatures vanquished.

Vanquished Creatures (collateral kills)
  4 foxfires
4 creatures vanquished.

Vanquished Creatures (others)
  520 foxfires
  A spectral weapon (Bailey)
  3 tentacles (Shoals:4)
524 creatures vanquished.

Grand Total: 1518 creatures vanquished

Notes
Turn   | Place    | Note
-------+----------+-------------------------------------------
     0 | D:1      | pokeman the Deep Elf Hedge Wizard began the quest for the
                  | Orb.
     0 | D:1      | Reached XP level 1. HP: 10/10 MP: 7/7
   247 | D:1      | Found a faded altar of an unknown god.
   252 | D:1      | Got an uncut book
   307 | D:1      | Reached XP level 2. HP: 15/15 MP: 5/9
   932 | D:1      | Reached skill level 5 in Spellcasting
  1491 | D:2      | Reached XP level 3. HP: 20/20 MP: 6/11
  1495 | D:2      | Learned a level 3 spell: Mephitic Cloud
  1498 | D:2      | Learned a level 2 spell: Call Imp
  1501 | D:2      | Learned a level 2 spell: Blink
  1503 | D:2      | Learned a level 1 spell: Shock
  2073 | D:2      | Reached skill level 1 in Fighting
  2073 | D:2      | Reached skill level 1 in Armour
  2180 | D:2      | Reached XP level 4. HP: 25/25 MP: 11/13
  2199 | D:2      | Noticed Terence
  2418 | D:2      | Killed Terence
  3320 | D:3      | Reached skill level 6 in Spellcasting
  3320 | D:3      | Reached XP level 5. HP: 29/29 MP: 5/15
  4428 | D:4      | Noticed Ijyb
  4455 | D:4      | Reached skill level 1 in Air Magic
  4455 | D:4      | Reached skill level 1 in Poison Magic
  4455 | D:4      | Reached skill level 1 in Evocations
  4455 | D:4      | Reached XP level 6. HP: 23/34 MP: 1/17
  4460 | D:4      | Killed Ijyb
  4962 | D:4      | Found a glowing silver altar of Zin.
  4963 | D:4      | Found an opulent altar of Gozag.
  5218 | D:5      | Entered Level 5 of the Dungeon
  5431 | D:5      | Found a glowing drain.
  5472 | Sewer    | Entered a sewer
  5556 | Sewer    | Noticed Pargi
  5568 | Sewer    | Killed Pargi
  5569 | Sewer    | Reached skill level 7 in Spellcasting
  5754 | D:5      | Reached XP level 7. HP: 39/39 MP: 14/20
  6216 | D:6      | Reached skill level 8 in Spellcasting
  6835 | D:7      | Found a blossoming altar of Fedhas.
  6837 | D:7      | Noticed a wraith
  6857 | D:7      | Killed a wraith
  6858 | D:7      | Reached XP level 8. HP: 44/44 MP: 15/22
  6920 | D:7      | Identified the +6 dagger "Ylut" {spect, *Noise rN++ Int+5}
  6987 | D:7      | Reached skill level 9 in Spellcasting
  7014 | D:7      | Noticed Joseph
  7017 | D:7      | Found a basalt altar of Yredelemnul.
  7030 | D:7      | Killed Joseph
  7031 | D:7      | Reached skill level 5 in Conjurations
  7269 | D:7      | Reached skill level 10 in Spellcasting
  7281 | D:7      | Learned a level 4 spell: Airstrike
  7321 | D:7      | Found a staircase to the Ecumenical Temple.
  7342 | D:7      | Identified the +7 ring mail of the Hunter {MP+9 Slay+3}
  7349 | Temple   | Entered the Ecumenical Temple
  7364 | Temple   | Became a worshipper of Vehumet
  7620 | D:7      | Noticed a hornet
  7634 | D:7      | Killed a hornet
  7635 | D:7      | Reached XP level 9. HP: 38/49 MP: 21/25
  7924 | D:8      | Noticed Erica
  7956 | D:7      | Reached skill level 11 in Spellcasting
  8118 | D:8      | Killed Erica
  8118 | D:8      | Noticed Grum
  8119 | D:8      | Reached skill level 12 in Spellcasting
  8119 | D:8      | Reached skill level 5 in Air Magic
  8126 | D:8      | Killed Grum
  8205 | D:8      | Reached * piety under Vehumet
  8205 | D:8      | Offered knowledge of Foxfire by Vehumet.
  8210 | D:8      | Learned a level 1 spell: Foxfire
  8255 | D:8      | Reached XP level 10. HP: 29/56 MP: 15/28
  8329 | D:8      | Reached skill level 1 in Fire Magic
  8581 | D:8      | Found a burning altar of Makhleb.
  8581 | D:8      | Noticed a balrug
  8584 | D:8      | Noticed an orange demon
  8846 | D:8      | Found a white marble altar of Elyvilon.
  8918 | D:9      | Found a staircase to the Orcish Mines.
  8925 | D:9      | Identified the +4 dagger of Qaguasm {flame, +Blink}
  9038 | D:9      | Learned a level 3 spell: Stone Arrow
  9131 | D:9      | Found Fijepoa's Distillery.
  9138 | D:9      | Bought a potion of heal wounds for 65 gold pieces
  9138 | D:9      | Bought a potion of heal wounds for 65 gold pieces
  9362 | D:9      | Found an iron altar of Okawaru.
  9406 | D:9      | Reached skill level 13 in Spellcasting
  9406 | D:9      | Reached skill level 1 in Earth Magic
  9951 | D:10     | Entered Level 10 of the Dungeon
  9983 | D:10     | Offered knowledge of Kiss of Death by Vehumet.
 10005 | D:10     | Reached ** piety under Vehumet
 10191 | D:10     | Reached skill level 14 in Spellcasting
 10206 | D:10     | Found a flagged portal.
 10222 | Bailey   | Entered a bailey
 10429 | Bailey   | Offered knowledge of Ignite Poison by Vehumet.
 10481 | Bailey   | Noticed a rust devil
 10580 | Bailey   | Reached XP level 11. HP: 61/61 MP: 20/31
 11039 | Bailey   | Reached *** piety under Vehumet
 11093 | Bailey   | Found an iron altar of Okawaru.
 11100 | Bailey   | Noticed a sun demon
 11930 | D:10     | Offered knowledge of Dazzling Flash by Vehumet.
 12093 | D:10     | Found a portal to a secret trove of treasure.
 12105 | D:10     | Found a shimmering blue altar of Sif Muna.
 12285 | D:11     | Noticed a two-headed ogre
 12291 | D:11     | Killed a two-headed ogre
 12292 | D:11     | Reached skill level 15 in Spellcasting
 12357 | D:11     | Noticed a two-headed ogre
 12366 | D:11     | Killed a two-headed ogre
 12367 | D:11     | Reached skill level 5 in Armour
 12367 | D:11     | Reached skill level 5 in Fire Magic
 12477 | D:11     | Found a staircase to the Lair.
 12658 | D:11     | You fall into a shaft and drop 1 floor!
 12718 | D:12     | Noticed Rupert
 12718 | D:12     | Paralysed by Rupert for 5 turns
 12740 | D:12     | Noticed a deep elf pyromancer
 12746 | D:12     | Killed a deep elf pyromancer
 12898 | D:11     | Noticed Urug
 12907 | D:11     | Killed Urug
 13260 | D:12     | Killed Rupert
 13261 | D:12     | Reached skill level 16 in Spellcasting
 13412 | D:12     | Reached XP level 12. HP: 68/68 MP: 26/34
 13526 | D:12     | Reached **** piety under Vehumet
 13593 | D:12     | Reached skill level 5 in Fighting
 14126 | D:13     | Noticed a centaur warrior
 14131 | D:13     | Killed a centaur warrior
 14132 | D:13     | Reached skill level 10 in Conjurations
 14365 | D:13     | Offered knowledge of Lee's Rapid Deconstruction by Vehumet.
 14372 | D:13     | Learned a level 5 spell: Lee's Rapid Deconstruction
 14389 | D:13     | Noticed a centaur warrior
 14395 | D:13     | Killed a centaur warrior
 14512 | D:13     | Noticed a centaur warrior
 14552 | D:13     | Acquired the +3 Elemental Staff {ele, rElec rF+ rC+ AC+3}
 14552 | D:13     | Found the +3 Elemental Staff {ele, rElec rF+ rC+ AC+3}
 14995 | D:13     | Noticed Jorgrun
 15014 | D:13     | Killed a centaur warrior
 15015 | D:13     | Reached skill level 17 in Spellcasting
 15379 | D:13     | Noticed a two-headed ogre
 15384 | D:13     | Killed a two-headed ogre
 15874 | D:14     | Noticed a boulder beetle
 15888 | D:14     | Killed a boulder beetle
 16106 | D:14     | Noticed a centaur warrior
 16114 | D:14     | Killed a centaur warrior
 16472 | D:14     | Noticed a two-headed ogre
 16477 | D:14     | Killed a two-headed ogre
 16505 | D:14     | Noticed a two-headed ogre
 16513 | D:14     | Killed a two-headed ogre
 16524 | D:14     | Found a gate to the Vaults.
 16525 | D:14     | Noticed a two-headed ogre
 16748 | D:14     | Reached XP level 13. HP: 74/74 MP: 20/36
 16850 | D:14     | Reached skill level 18 in Spellcasting
 17348 | D:15     | Entered Level 15 of the Dungeon
 17413 | D:15     | Noticed a purple very ugly thing
 17462 | D:15     | Identified the +5 mace of Heweg {freeze, Str+3}
 18197 | Lair:1   | Entered Level 1 of the Lair of Beasts
 18203 | Lair:1   | Reached skill level 5 in Earth Magic
 18269 | Lair:1   | Found a gate leading to a gauntlet.
 18277 | Gauntlet | Entered a Gauntlet
 18277 | Gauntlet | Found a transporter.
 18277 | Gauntlet | Found a transporter.
 18279 | Gauntlet | Found a transporter.
 18280 | Gauntlet | Found a transporter.
 18282 | Gauntlet | Found a transporter.
 18322 | Gauntlet | Found a transporter.
 18325 | Gauntlet | Found a transporter.
 18325 | Gauntlet | Found a transporter.
 18339 | Gauntlet | Found a transporter.
 18354 | Gauntlet | Found a transporter.
 18357 | Gauntlet | Noticed a dire elephant
 18362 | Gauntlet | Found a runed translucent door.
 18364 | Gauntlet | Found a transporter.
 18366 | Gauntlet | Found a runed translucent door.
 18378 | Gauntlet | Found a transporter.
 18401 | Gauntlet | Found a transporter.
 18418 | Gauntlet | Found a transporter.
 18549 | Gauntlet | Identified the +12 mace "Yduide" {flame, Will- Str+3 Dex+7}
 18573 | Gauntlet | Reached ***** piety under Vehumet
 18573 | Gauntlet | Offered knowledge of Flame Wave by Vehumet.
 18579 | Gauntlet | Identified the ring "Lorunn" {*Slow rElec rPois Int+7
                  | Dex-3}
 18755 | Gauntlet | Noticed a minotaur
 18759 | Gauntlet | Killed a minotaur
 18789 | Gauntlet | Got an inconspicuous book
 19054 | Lair:1   | Found a runed translucent gate.
 19055 | Lair:1   | Found a runed translucent gate.
 19055 | Lair:1   | Found a runed translucent gate.
 19093 | Lair:1   | Noticed croobank's ghost (journeyman DsIE)
 19197 | Lair:1   | Reached skill level 19 in Spellcasting
 19379 | Lair:1   | Killed croobank's ghost
 19540 | Lair:1   | Got a thrumming book
 19632 | Lair:1   | Found a runed translucent door.
 19702 | Lair:1   | Found a runed translucent gate.
 19705 | Lair:1   | Found a runed translucent gate.
 19716 | Lair:1   | Found a runed translucent gate.
 19716 | Lair:1   | Found a runed translucent gate.
 19716 | Lair:1   | Found a runed translucent gate.
 19718 | Lair:1   | Found a runed translucent gate.
 19980 | Lair:2   | Noticed Maggie
 19985 | Lair:2   | Killed Maggie
 20277 | Lair:2   | Found a staircase to the Shoals.
 20557 | Lair:2   | Found a staircase to the Snake Pit.
 20569 | Lair:2   | Reached XP level 14. HP: 80/80 MP: 37/39
 21553 | Lair:3   | Noticed yetimobile's ghost (journeyman HORe)
 21564 | Lair:3   | Found a transporter.
 21567 | Lair:3   | Found a transporter.
 21732 | Lair:3   | Reached skill level 20 in Spellcasting
 22121 | Lair:3   | You fall into a shaft and drop 2 floors!
 22121 | Lair:5   | Entered Level 5 of the Lair of Beasts
 22147 | Lair:5   | Reached skill level 10 in Fire Magic
 22150 | Lair:5   | Offered knowledge of Conjure Ball Lightning by Vehumet.
 22271 | Lair:5   | Reached skill level 1 in Shields
 22310 | Lair:5   | Found a runed translucent door.
 22394 | Lair:5   | Noticed Nessos
 22405 | Lair:5   | Killed Nessos
 22760 | Lair:5   | Found a runed translucent gate.
 22761 | Lair:5   | Found a runed translucent gate.
 22762 | Lair:5   | Found a runed translucent gate.
 23085 | Lair:3   | Reached skill level 21 in Spellcasting
 24139 | Lair:4   | Found a viscous altar of Jiyva.
 24139 | Lair:4   | Found a staircase to the Slime Pits.
 24471 | Lair:5   | Found an ornate altar of the Wu Jian Council.
 24515 | Lair:5   | Noticed Fytzit's ghost (journeyman DECj)
 24864 | Lair:5   | Reached XP level 15. HP: 84/84 MP: 42/42
 25160 | Lair:5   | Offered knowledge of Freezing Cloud by Vehumet.
 26105 | Lair:5   | Noticed Josephine
 26109 | Lair:5   | Killed Josephine
 26518 | Lair:5   | Learned a level 5 spell: Freezing Cloud
 26689 | Lair:5   | Reached skill level 22 in Spellcasting
 26692 | Lair:5   | Killed Fytzit's ghost
 26693 | Lair:5   | Reached skill level 1 in Ice Magic
 27087 | Orc:1    | Entered Level 1 of the Orcish Mines
 27973 | Orc:1    | Found Haiwnehi's Self-Improvement Boutique.
 28244 | Orc:2    | Entered Level 2 of the Orcish Mines
 28344 | Orc:2    | Offered knowledge of Orb of Destruction by Vehumet.
 28894 | Orc:2    | Found a staircase to the Elven Halls.
 28917 | Orc:2    | Found Gyutien's Weapon Boutique.
 28936 | Orc:1    | Noticed Fannar
 29088 | Orc:1    | Killed Fannar
 29306 | Orc:2    | Found Yguol's Book Shoppe.
 29306 | Orc:2    | Found Fovoall's Magic Scroll Shop.
 29614 | Orc:2    | Reached skill level 5 in Shields
 29913 | Orc:2    | Found Vucot's Weapon Shoppe.
 29913 | Orc:2    | Found Cowkac's Jewellery Shop.
 30003 | Orc:2    | Bought a scroll of identify for 30 gold pieces
 30003 | Orc:2    | Bought a scroll of blinking for 112 gold pieces
 30003 | Orc:2    | Bought a scroll of identify for 30 gold pieces
 30003 | Orc:2    | Bought a scroll of blinking for 112 gold pieces
 30003 | Orc:2    | Bought a scroll of identify for 30 gold pieces
 30003 | Orc:2    | Bought a scroll of identify for 30 gold pieces
 30086 | Orc:2    | Bought a manual of Shields for 960 gold pieces
 30086 | Orc:2    | Bought a manual of Armour for 960 gold pieces
 31138 | D:15     | Found a staircase to the Depths.
 31398 | Shoals:1 | Entered Level 1 of the Shoals
 31411 | Shoals:1 | Offered knowledge of Plasma Beam by Vehumet.
 31428 | Lair:2   | Learned a level 6 spell: Plasma Beam
 31598 | Shoals:1 | Reached XP level 16. HP: 88/88 MP: 44/44
 31760 | Shoals:1 | Reached skill level 23 in Spellcasting
 32373 | D:10     | You paid a toll of 4 potions of resistance to enter a
                  | treasure trove
 32374 | Trove    | Entered a treasure trove
 32426 | Trove    | Identified the +0 crystal plate armour "Liusatec" {Rampage
                  | rC+ Str+2 Stlth-}
 32427 | Trove    | Identified the +4 ring mail of the Twisting Gods {Dex+3}
 32428 | Trove    | Identified the +2 buckler of Ziez {rN+}
 32453 | Trove    | Identified the ring of Boczefok {rC+ Str+6}
 32455 | Trove    | Identified the amulet "Toiny" {RegenMP rPois rC++ rN+
                  | Int-2}
 32902 | Shoals:1 | Found Bumasuw's Weapon Shop.
 32957 | Shoals:1 | You fall into a shaft and drop 1 floor!
 33930 | Shoals:3 | Identified the +7 morningstar of Exquisite Death {speed,
                  | +Blink rC++ Will+ Dex-5}
 34418 | Shoals:4 | Entered Level 4 of the Shoals
 34562 | Shoals:4 | Offered knowledge of Starburst by Vehumet.
 34563 | Shoals:4 | Noticed a kraken
 34569 | Shoals:4 | Killed a kraken
 34569 | Shoals:4 | Reached ****** piety under Vehumet
 34733 | Shoals:3 | Learned a level 6 spell: Starburst
 34821 | Shoals:2 | Noticed Ilsuiw
 34826 | Shoals:2 | Killed Ilsuiw
 34830 | Shoals:2 | Reached skill level 24 in Spellcasting
 34954 | Lair:3   | Killed yetimobile's ghost
 35141 | D:13     | Killed Jorgrun
 35589 | Shoals:4 | Reached skill level 15 in Conjurations
 35589 | Shoals:4 | Noticed Polyphemus
 35768 | Shoals:4 | Reached XP level 17. HP: 93/93 MP: 47/47
 36102 | Shoals:4 | Killed Polyphemus
 36103 | Shoals:4 | Reached skill level 10 in Armour
 36165 | Shoals:4 | Offered knowledge of Ignition by Vehumet.
 36177 | Shoals:3 | Learned a level 8 spell: Ignition
 36262 | Shoals:4 | Identified the +0 pair of boots of Jah Amam {rPois rCorr
                  | Slay-4}
 36280 | Shoals:4 | Identified the amulet "Ogoxeoda" {Spirit rC+++ Dex+2 Slay-5
                  | Stlth+}
 36733 | Shoals:4 | Got a barnacled rune of Zot
 37193 | Snake:1  | Entered Level 1 of the Snake Pit
 37231 | Snake:1  | Identified the +2 pair of boots "Vufiemm" {rElec rF+}
 37621 | Snake:1  | You fall into a shaft and drop 1 floor!
 37624 | Snake:2  | Reached skill level 25 in Spellcasting
 37748 | Snake:2  | Noticed Azrael
 37755 | Snake:2  | Noticed Vashnia
 37761 | Snake:2  | Found a transporter.
 37787 | Snake:2  | HP: 4/93 [shock serpent/electric aura (2)]
 37797 | Snake:2  | HP: 4/93 [poisoned by a naga ritualist (toxic radiance)]
 37816 | Snake:2  | Killed from afar by a nagaraja

Illustrated notes

Levels and vault maps discovered:
D:1:      minmay_arrival_four_loops, layout_basic,
          shapermc_ecumenical_altar_rom_forum, minmay_misc_feat_tower
D:2:      wander_river, layout_loops_ring, minmay_nonomino_d4, uniq_terence
D:3:      layout_loops_corners, hangedman_decor_clover_reticule
D:4:      layout_loops_cross, grunt_temple_overflow_gold_and_silver, uniq_ijyb
D:5:      layout_gridville, portal_sewer_entry_e, small_statue_intersection
D:6:      layout_cave_pools
D:7:      layout_loops_ring, fedhas_altar_1, lemuel_zombie_altar_yredelemnul,
          minmay_temple_entry_junction_2, uniq_joseph
D:8:      layout_cave_pools, nicolae_elyvilon_temple_path,
          makhleb_altar_promises_db, uniq_erica, uniq_grum
D:9:      layout_loops_corners, mainiacjoe_overflow_tiny_flanked, orc_0_dummy,
          serial_shops, shop
D:10:     layout_irregular_city, mainiacjoe_overflow_alcove_2, enter_bailey_5,
          enter_trove_3, hangedman_misty_isle
D:11:     layout_roguey, lair_entry_dummy, uniq_urug
D:12:     layout_gridville, uniq_rupert
D:13:     layout_basic, uniq_jorgrun
D:14:     layout_basic, david_vaults_1
D:15:     gammafunk_enter_depths_forms, layout_loops_ring, serial_park_tiny_1
Temple:   nicolae_temple_ecumenical_triangle
Lair:1:   gammafunk_indiana_jones, layout_concentric_octagons,
          gauntlet_entry_generic, ebering_ghost_rock_garden
Lair:2:   layout_chaotic_city, nicolae_shoals_entry_roost,
          minmay_snake_entry_six_corridors, nicolae_quartered_pool_impasse,
          chequers_serial_rivers_small_a, grunt_megastairs_4, uniq_maggie
Lair:3:   layout_regular_city, gammafunk_ghost_arena
Lair:4:   layout_loops_ring, dpeg_slime_entry_enclosed
Lair:5:   wormcave, layout_loops_ring, hangedman_lair_caniforms_friends,
          maelrawn_ghost_gauntlet_escape, basic_altar, serial_bayou_shore_a,
          uniq_nessos, uniq_josephine
Shoals:1: layout_shoals, serial_shops, shop_statue, nicolae_shoals_shepherds
Shoals:2: nzn_motion_control, layout_shoals, uniq_ilsuiw
Shoals:3: layout_shoals
Shoals:4: shoals_end_simple, layout_shoals, nicolae_shoals_hunting_party,
          uniq_polyphemus
Snake:1:  layout_chambers
Snake:2:  layout_layer_cave, gammafunk_ghost_abyssal_escape,
          nicolae_snake_linked_coils, evilmike_ambush
          [evilmike_ambush_outer_corners, evilmike_ambush_inner_basic],
          uniq_azrael, uniq_vashnia
Orc:1:    layout_diamond_mine, nicolae_shop_self_help, uniq_fannar
Orc:2:    st_orc_town, layout_diamond_mine, serial_shops,
          nicolae_shop_gibbet_a_chance

Skill      XL: |  1  2  3  4  5  6  7  8  9 10 11 12 13 14 15 16 17 |
---------------+----------------------------------------------------+-----
Spellcasting   | 5 6 7 8 10 12 14 16 17 19 21 22 24 25 | 25.1
Conjurations   | 2 3 4 5 7 8 9 10 11 13 14 15 | 15.6
Fighting       | 1 2 3 4 6 |  6.0
Armour         | 1 3 4 5 6 7 9 10 | 10.8
Stealth        | 3 |  3.1
Dodging        | 3 |  3.0
Air Magic      | 1 2 3 4 5 6 |  6.0
Poison Magic   | 1 |  1.1
Evocations     | 1 |  1.2
Fire Magic     | 4 6 8 9 11 12 13 | 13.9
Earth Magic    | 2 4 6 |  6.0
Shields        | 3 5 8 9 |  9.7
Ice Magic      | 2 |  2.0
Summonings     | |  1.1
Translocations | |  1.1

Action                     |  1- 3 |  4- 6 |  7- 9 | 10-12 | 13-15 | 16-18 || total
---------------------------+-------+-------+-------+-------+-------+-------++-------
  Melee: Dagger            |     6 |    65 |    27 |    97 |       |       ||   195
         Punch             |       |     1 |       |     5 |     4 |       ||    10
         Unarmed           |       |       |     3 |       |       |       ||     3
         Staff             |       |       |       |     9 |    56 |       ||    65
   Cast: Magic Dart        |    84 |   104 |    21 |     6 |    32 |       ||   247
         Shock             |    38 |    69 |   126 |     2 |       |       ||   235
         Mephitic Cloud    |     1 |     8 |    17 |    32 |    24 |     1 ||    83
         Blink             |       |     1 |     3 |     1 |     4 |     1 ||    10
         Call Imp          |       |     1 |       |     1 |     5 |       ||     7
         Foxfire           |       |       |     7 |   233 |    46 |       ||   286
         Airstrike         |       |       |     3 |     2 |     1 |       ||     6
         Stone Arrow       |       |       |       |   179 |   478 |    44 ||   701
         Lee's Rapid Decon |       |       |       |    18 |   256 |       ||   274
         Freezing Cloud    |       |       |       |       |    14 |     9 ||    23
         Plasma Beam       |       |       |       |       |     2 |   211 ||   213
         Starburst         |       |       |       |       |       |    35 ||    35
  Evoke: Wand              |       |       |     3 |     1 |       |       ||     4
    Use: Scroll            |       |       |       |    17 |     9 |     8 ||    34
         Potion            |       |       |       |       |       |     2 ||     2
   Stab: Confused          |       |     4 |     4 |     8 |     4 |       ||    20
         Sleeping          |       |     2 |       |       |       |       ||     2
 Armour: Robe              |    18 |    49 |    36 |    75 |       |       ||   178
         Acid dragon scale |       |       |       |    20 |    22 |       ||    42
         Ring mail         |       |       |       |       |   398 |   123 ||   521
  Dodge: Dodged            |    12 |    47 |    50 |   140 |   220 |    51 ||   520
         Repelled          |       |       |       |       |       |     4 ||     4
  Block: Buckler           |       |       |       |       |       |    38 ||    38

Table legend: (Time is in decaauts)
 A = Elapsed time spent in this place.
 B = Non-inter-level travel time spent in this place.
 C = Inter-level travel time spent in this place.
 D = Time resting spent in this place.
 E = Time spent auto-exploring this place.
 F = Levels seen in this place.
 G = Mean time per level.
                   A        B        C        D        E       F      G
               +--------+--------+--------+--------+--------+-----+--------+
         Total |  38401 |  34491 |   3910 |   4013 |  24091 |  33 | 1163.7 |
       Dungeon |  19029 |  16410 |   2619 |    925 |  12875 |  15 | 1268.6 |
        Temple |    207 |    172 |     35 |      0 |      0 |   1 |  207.0 |
          Lair |   8538 |   8130 |    408 |    943 |   5807 |   5 | 1707.6 |
        Shoals |   4752 |   4001 |    751 |    802 |   2508 |   4 | 1188.0 |
     Snake Pit |    634 |    634 |      0 |     56 |    447 |   2 |  317.0 |
  Orcish Mines |   3067 |   2972 |     95 |    837 |   1673 |   2 | 1533.5 |
         Trove |    117 |    117 |      0 |      0 |      0 |   1 |  117.0 |
         Sewer |    279 |    279 |      0 |      0 |    236 |   1 |  279.0 |
        Bailey |   1186 |   1186 |      0 |    423 |    345 |   1 | 1186.0 |
      Gauntlet |    588 |    588 |      0 |     27 |    198 |   1 |  588.0 |
               +--------+--------+--------+--------+--------+-----+--------+

Top non-repeatable levels by time:
  Lair:5: 3208 daAuts
    D:13: 1807 daAuts
Shoals:3: 1659 daAuts
  Lair:2: 1576 daAuts
     D:1: 1562 daAuts
   Orc:1: 1549 daAuts
     D:7: 1549 daAuts
     D:9: 1541 daAuts
    D:14: 1532 daAuts
   Orc:2: 1517 daAuts
     D:2: 1498 daAuts
    D:15: 1444 daAuts
  Lair:3: 1426 daAuts
  Lair:1: 1413 daAuts
    D:10: 1292 daAuts
